 Dungeon Crawl Stone Soup version 0.16.2-12-gd0ad4c3 (webtiles) character file.

30212 dvd the Unseen (level 13, -3/85 HPs)
             Began as a Vampire Enchanter on Sept 16, 2015.
             Was the Champion of Sif Muna.
             Slain by a blink frog (14 damage)
             ... on level 7 of the Lair of Beasts on Sept 17, 2015.
             The game lasted 02:39:28 (20021 turns).

dvd the Unseen (Vampire Enchanter)                 Turns: 20021, Time: 02:39:28

Health: -3/85      AC: 11    Str:  7    XL:     13   Next: 19%
Magic:  6/32       EV: 15    Int: 21    God:    Sif Muna [******]
Gold:   1194       SH:  0    Dex: 14    Spells: 10 memorised, 4 levels left

rFire  + . .     SeeInvis +     a - +6 dagger (elec)
rCold  + . .     Clarity  +     I - +2 robe
rNeg   . . .     SustAb   .     (no shield)
rPois  +         Gourm    .     S - +0 helmet
rElec  .         Spirit   .     U - +1 cloak {rPois}
rCorr  .         Warding  .     s - +2 pair of gloves
rMut   .         Stasis   .     T - +0 pair of boots
MR     +....                    r - amulet of clarity
Stlth  ++++++++..               z - ring of protection from fire
                                N - ring of protection from cold

@: regenerating quickly, somewhat resistant to hostile enchantments,
extraordinarily stealthy
A: bottle blood, fangs 3, see invisible, unbreathing
a: Channel Energy, Forget Spell, Renounce Religion


You were on level 7 of the Lair of Beasts.
You worshipped Sif Muna.
Sif Muna was exalted by your worship.
You were very full.

You visited 3 branches of the dungeon, and saw 19 of its levels.

You collected 1194 gold pieces.

Inventory:

Hand weapons
 a - a +6 dagger of electrocution (weapon)
 f - the +3 flail "Impslayer" {crush, Dex+2 SInv}
   (You found it on level 8 of the Dungeon)

   It inflicts extra damage upon your enemies.
   It affects your dexterity (+2).
   It enhances your eyesight.
 w - the +6 flail of Immorality {flame, Dex+4}
   (You found it on level 4 of the Dungeon)

   It has been specially enchanted to burn those struck by it, causing extra
   injury to most foes and up to half again as much damage against particularly
   susceptible opponents.
   It affects your dexterity (+4).
 L - a +2 dagger of piercing
Armour
 s - a +2 pair of gloves (worn)
 E - a +1 cloak of invisibility
 I - a +2 robe (worn)
 Q - a troll hide
 S - a +0 helmet (worn)
 T - a +0 pair of boots (worn)
 U - a +1 cloak of poison resistance (worn)
Magical staves
 B - an uncursed staff of cold
Jewellery
 l - a +5 ring of strength
 r - an amulet of clarity (around neck)
 z - a ring of protection from fire (right hand)
 H - an uncursed amulet of warding
 M - an uncursed ring of stealth
 N - a ring of protection from cold (left hand)
 Z - an uncursed ring of magical power
Magical devices
 n - a wand of frost (44)
 y - a wand of draining (3)
 C - a wand of teleportation (8)
 G - a wand of draining (8)
 V - a wand of frost (12)
 W - a wand of flame (21)
 X - a wand of lightning (10)
 Y - a wand of lightning (3)
Scrolls
 e - a scroll of blinking
 h - 2 scrolls of recharging
 j - 4 scrolls of remove curse
 k - 3 scrolls of teleportation
 m - a scroll of summoning
 q - 14 scrolls of identify
 u - 3 scrolls of amnesia
 A - 4 scrolls of magic mapping
 K - 2 scrolls of fog
Potions
 d - 10 potions of blood
 g - 3 potions of haste
 i - a potion of ambrosia
 p - 16 potions of curing
 t - 3 potions of flight
 v - a potion of invisibility
 x - 4 potions of restore abilities
 D - a potion of berserk rage
 J - 2 potions of cancellation
 P - 2 potions of agility
 R - a potion of brilliance
Books
 b - a book of the Dragon

   Spells                             Type                      Level
   a - Flight                         Charms/Air                   3
   b - Cause Fear                     Hexes                        4
   c - Bolt of Fire                   Conjuration/Fire             6
   d - Dragon Form                    Transmutation                7
   e - Dragon's Call                  Summoning                    9
 c - a book of Maledictions

   Spells                             Type                      Level
   a - Corona                         Hexes                        1
   b - Sure Blade                     Hexes/Charms                 2
   c - Ensorcelled Hibernation        Hexes/Ice                    2
   d - Confuse                        Hexes                        3
   e - Dazzling Spray                 Conjuration/Hexes            3
   f - Enslavement                    Hexes                        4
 o - a book of Enchantments

   Spells                             Type                      Level
   a - Tukima's Dance                 Hexes                        3
   b - Cause Fear                     Hexes                        4
   c - Silence                        Hexes/Air                    5
   d - Deflect Missiles               Charms/Air                   6
   e - Haste                          Charms                       6
   f - Discord                        Hexes                        8
 F - Plepa's Grimoire of Ice
   (Sif Muna gifted it to you on level 2 of the Lair of Beasts)

   Spells                             Type                      Level
   a - Freeze                         Ice                          1
   b - Ice Form                       Ice/Transmutation            4
   c - Condensation Shield            Ice                          4
   d - Metabolic Englaciation         Hexes/Ice                    5
   e - Freezing Cloud                 Conjuration/Ice/Air          6
 O - a book of Alchemy

   Spells                             Type                      Level
   a - Sublimation of Blood           Necromancy                   2
   b - Alistair's Intoxication        Transmutation/Poison         4
   c - Condensation Shield            Ice                          4
   d - Petrify                        Transmutation/Earth          4
   e - Ignite Poison                  Fire/Transmutation           5
   f - Irradiate                      Conjuration/Transmutation    5


   Skills:
 + Level 2.9 Fighting
 + Level 4.1 Short Blades
 + Level 6.3 Dodging
 + Level 17.8 Stealth
   Level 0.3 Shields
 + Level 11.1 Spellcasting
 + Level 14.8 Hexes
 + Level 4.1 Charms
 + Level 1.6 Necromancy
 + Level 6.4 Ice Magic
 + Level 0.3 Invocations


You had 4 spell levels left.
You knew the following spells:

 Your Spells              Type           Power        Failure   Level  Hunger
a - Corona                Hex            ######.      0%          1    None
b - Ensorcelled Hibernat  Hex/Ice        ######       1%          2    None
c - Sure Blade            Hex/Chrm       ######....   1%          2    None
d - Tukima's Dance        Hex            ######..     1%          3    None
e - Confuse               Hex            ######..     1%          3    None
f - Enslavement           Hex            ######..     1%          4    #......
g - Condensation Shield   Ice            #####.....   4%          4    #......
h - Sublimation of Blood  Necr           ###.......   6%          2    None
i - Metabolic Englaciati  Hex/Ice        ######....   2%          5    ####...
j - Cause Fear            Hex            ######....   1%          4    #......


Dungeon Overview and Level Annotations

Branches:
Dungeon (12/15)            Temple (1/1) D:5            Lair (7/8) D:8
    Orc (0/4) D:9
  Swamp: Lair:3-6    Shoals: Lair:3-6     Snake: Lair:3-6    Spider: Lair:3-6
  Slime: Lair:6-8

Altars:
Ashenzari
Cheibriados
Dithmenos
Elyvilon
Fedhas
Gozag
Kikubaaqudgha
Makhleb
Nemelex Xobeh
Okawaru
Qazlal
Ru
Sif Muna
Trog
Vehumet
Xom
Yredelemnul
Zin
The Shining One
Lugonu

Shops:
D:5 ?   D:11 }

Portals:
Trove: D:11 (give 8 potions of haste)


Innate Abilities, Weirdness & Mutations

Your natural rate of healing is unusually fast.
You can bottle blood from corpses.
You have razor-sharp teeth.
You have supernaturally acute eyesight.
You can survive without breathing.


Message History

Aim: a blink frog (chance 55%)
The blink frog resists with some effort.
The blink frog hits you but does no damage.
Casting: Ensorcelled Hibernation
Confirm with . or Enter, or press ? or * to list all spells.
Aiming: Ensorcelled Hibernation
Press: ? - help, Shift-Dir - straight line, f/p - blink frog
Aim: a blink frog (chance 55%)
The blink frog resists with some effort.
The blink frog barely misses you.
You puncture the blink frog!
Your bite passes through the blink frog as it momentarily phases out.
The blink frog is moderately wounded.
The blink frog hits you.
* * * LOW HITPOINT WARNING * * *
Unknown command.
Your blink frog hits the blink frog!
Your blink frog blinks!
The blink frog blinks!
The blink frog hits you!
You die...

#..............>........#
##......................##
##.........................
#.......F..................
#.....#..........#..)......
#PP.....#.........P....P..#
##P........ยงยง..........#.##
###...........F......####*
*#......@F.....##.....*,*
*#...P..........#......,,,
#..#P..##......##.P....,,,
###########.#.###.......,,
##### **##..**** ****


You could see 2 blink frogs and a friendly blink frog.

Vanquished Creatures
  Maud (Lair:7)
  Gastronok (D:8)
  2 hydras
  A catoblepas (Lair:3)
  A death yak (Lair:7)
  2 hill giants (D:12)
  An orc knight (D:9)
  A manticore (D:11)
  2 ugly things
  3 black mambas
  Psyche (D:8)
  4 komodo dragons
  5 spiny frogs
  A troll (D:10)
  Prince Ribbit (D:7)
  A polar bear (Lair:5)
  2 trapdoor spiders (D:12)
  A deep elf mage (D:9)
  2 basilisks (Lair:4)
  16 yaks
  A shadow (D:12)
  A hungry ghost (D:10)
  3 wyverns
  A mottled dragon (D:12)
  A deep elf fighter (D:9)
  7 hippogriffs
  11 wolves
  14 wargs (D:9)
  The ghost of drareg the Slinger, an average HaHu (D:4)
  Menkaure (D:5)
  3 water moccasins
  2 ice beasts
  A black bear (Lair:4)
  7 porcupines
  3 sky beasts
  9 orc warriors
  2 phantoms
  9 ogres
  A necrophage (D:8)
  A boring beetle (Lair:5)
  A big kobold (D:11)
  7 centaurs
  Duvessa (D:6)
  3 crocodiles
  15 giant frogs
  A wyvern zombie (D:8)
  2 scorpions (D:11)
  A wyvern skeleton (D:10)
  10 killer bees
  4 wights (D:8)
  3 crimson imps
  Dowan (D:6)
  9 orc priests
  A wasp zombie (D:8)
  10 hounds
  3 centaur zombies
  Crazy Yiuf (D:7)
  2 centaur skeletons
  7 iguanas
  2 jellies
  10 worker ants
  8 orc wizards
  Natasha (thrice) (D:3)
  A killer bee zombie (D:5)
  5 sheep (Lair:2)
  Ijyb (D:5)
  A hound zombie (D:6)
  A mummy (D:11)
  2 worker ant zombies
  A hound skeleton (D:3)
  3 gnolls (D:9)
  20 adders
  50 river rats
  A giant mite (D:7)
  3 shadow imps
  An adder zombie (D:8)
  An adder skeleton (D:8)
  63 orcs
  A ball python (D:1)
  A bat zombie (D:4)
  A giant cockroach (D:4)
  16 goblins
  17 hobgoblins
  20 jackals
  18 kobolds
  11 quokkas
  9 bats
  9 giant geckos
  5 giant newts
  2 quokka skeletons
  18 rats
515 creatures vanquished.

Vanquished Creatures (collateral kills)
  A death yak (Lair:7)
  3 yaks
  A hippogriff (Lair:3)
  4 wargs (D:9)
  A wolf (Lair:7)
  2 orc warriors
  2 ogres
  2 giant frogs
  A killer bee (D:12)
  An orc priest (D:9)
  An orc wizard (D:9)
  A sheep (Lair:2)
  Robin (D:3)
  An adder (Lair:3)
  5 river rats
  6 orcs
  A goblin (D:4)
  A jackal (D:9)
  A quokka (Lair:3)
  A plant (D:9)
37 creatures vanquished.

Vanquished Creatures (others)
  3 yaks
  5 dancing weapons
  A wolf (Lair:7)
  A killer bee (D:12)
  2 sheep (Lair:2)
  2 river rats
  2 fungi
  A plant (D:9)
17 creatures vanquished.

Grand Total: 569 creatures vanquished

Notes
Turn   | Place    | Note
--------------------------------------------------------------
     0 | D:1      | dvd, the Vampire Enchanter, began the quest for the Orb.
     0 | D:1      | Reached XP level 1. HP: 13/13 MP: 3/3
   306 | D:1      | Reached XP level 2. HP: 14/19 MP: 2/4
   310 | D:1      | Learned a level 2 spell: Ensorcelled Hibernation
   313 | D:1      | Learned a level 2 spell: Sure Blade
   509 | D:1      | Reached skill level 5 in Hexes
  1264 | D:2      | Reached XP level 3. HP: 16/25 MP: 0/6
  1562 | D:2      | Reached skill level 5 in Stealth
  1986 | D:2      | Found a glowing silver altar of Zin.
  2184 | D:2      | Reached XP level 4. HP: 31/31 MP: 8/8
  3063 | D:3      | Learned a level 3 spell: Tukima's Dance
  3385 | D:3      | Found an iron altar of Okawaru.
  3399 | D:3      | Reached XP level 5. HP: 36/36 MP: 6/9
  3486 | D:3      | Noticed Robin
  3567 | D:3      | Killed Robin
  3723 | D:3      | Noticed Natasha
  3742 | D:3      | Killed Natasha
  3742 | D:3      | Reached skill level 6 in Stealth
  3879 | D:3      | Noticed Natasha
  3891 | D:3      | Killed Natasha
  4096 | D:3      | Noticed Natasha
  4105 | D:3      | Killed Natasha
  4386 | D:4      | Reached skill level 1 in Fighting
  4386 | D:4      | Reached XP level 6. HP: 39/43 MP: 7/13
  4391 | D:4      | Reached skill level 1 in Ice Magic
  4794 | D:4      | Got a shimmering flail {flame}
  4797 | D:4      | Identified the +6 flail of Immorality {flame, Dex+4} (You found it on level 4 of the Dungeon)
  4963 | D:4      | Reached skill level 7 in Stealth
  4985 | D:4      | Noticed drareg's ghost (average HaHu)
  4997 | D:4      | Killed drareg's ghost
  4997 | D:4      | Reached skill level 1 in Charms
  4997 | D:4      | Reached XP level 7. HP: 43/48 MP: 11/15
  5042 | D:4      | Found a snail-covered altar of Cheibriados.
  5056 | D:4      | Found a deep blue altar of Sif Muna.
  5063 | D:4      | Became a worshipper of Sif Muna the Loreminder
  5727 | D:4      | Found a basalt altar of Yredelemnul.
  5942 | D:4      | Learned a level 3 spell: Confuse
  5981 | D:5      | Entered Level 5 of the Dungeon
  6024 | D:5      | Noticed Menkaure
  6034 | D:5      | Found a staircase to the Ecumenical Temple.
  6039 | D:5      | Killed Menkaure
  6050 | D:5      | Learned a level 1 spell: Corona
  6179 | Temple   | Entered the Ecumenical Temple
  6296 | D:5      | Found Thrumautt's Magic Scroll Boutique.
  6320 | D:5      | Noticed Ijyb
  6341 | D:5      | Killed Ijyb
  6341 | D:5      | Reached skill level 8 in Stealth
  6892 | D:5      | Reached XP level 8. HP: 46/54 MP: 8/19
  7031 | D:6      | Found a shadowy altar of Dithmenos.
  7034 | D:6      | Found a shimmering altar of Xom.
  7035 | D:6      | Found a bloodstained altar of Trog.
  7035 | D:6      | Found a burning altar of Makhleb.
  7036 | D:6      | Found a sparkling altar of Nemelex Xobeh.
  7051 | D:6      | Acquired Sif Muna's first power
  7051 | D:6      | Reached skill level 5 in Spellcasting
  7278 | D:6      | Reached skill level 9 in Stealth
  7376 | D:6      | Noticed Duvessa
  7381 | D:6      | Noticed Dowan
  7417 | D:6      | Killed Dowan
  7434 | D:6      | Killed Duvessa
  8097 | D:7      | Reached skill level 10 in Stealth
  8251 | D:7      | Noticed Crazy Yiuf
  8255 | D:7      | Paralysed by Crazy Yiuf for 2 turns
  8368 | D:7      | Reached XP level 9. HP: 15/61 MP: 9/22
  8549 | D:7      | Killed Crazy Yiuf
  8726 | D:7      | Acquired Sif Muna's second power
  8795 | D:7      | Learned a level 4 spell: Enslavement
  8826 | D:7      | Noticed Prince Ribbit
  8834 | D:7      | Killed Prince Ribbit
  9101 | D:8      | Reached skill level 11 in Stealth
  9137 | D:8      | Found a staircase to the Lair.
  9250 | D:8      | Got a jewelled flail
  9251 | D:8      | Identified the +3 flail "Impslayer" {crush, Dex+2 SInv} (You found it on level 8 of the Dungeon)
  9275 | D:8      | Reached skill level 10 in Hexes
  9312 | D:8      | Noticed Gastronok
  9332 | D:8      | Killed Gastronok
  9332 | D:8      | Reached skill level 12 in Stealth
  9332 | D:8      | Reached XP level 10. HP: 67/67 MP: 20/25
  9500 | D:8      | Noticed Psyche
  9509 | D:8      | Killed Psyche
  9780 | D:8      | Found a glowing golden altar of the Shining One.
 10461 | D:9      | Reached skill level 13 in Stealth
 10495 | D:9      | Acquired Sif Muna's third power
 10513 | D:9      | Found a blossoming altar of Fedhas.
 10555 | D:9      | Found a sparkling altar of Nemelex Xobeh.
 10915 | D:9      | Noticed an orc knight
 11120 | D:9      | Killed an orc knight
 11120 | D:9      | Reached XP level 11. HP: 59/73 MP: 8/28
 12121 | D:9      | Found a staircase to the Orcish Mines.
 12682 | D:10     | Entered Level 10 of the Dungeon
 12748 | D:10     | Reached skill level 14 in Stealth
 12778 | D:10     | Reached skill level 5 in Dodging
 12812 | D:10     | Learned a level 4 spell: Condensation Shield
 12815 | D:10     | Learned a level 2 spell: Sublimation of Blood
 13280 | D:11     | Found Yticamn's Gadget Shoppe.
 13763 | D:11     | Found a portal to a secret trove of treasure.
 14128 | D:12     | Noticed a hill giant
 14156 | D:12     | Reached skill level 15 in Stealth
 14568 | D:12     | Reached skill level 5 in Ice Magic
 14680 | D:12     | Killed a hill giant
 14779 | D:12     | Noticed a hill giant
 14783 | D:12     | Killed a hill giant
 14783 | D:12     | Reached XP level 12. HP: 80/80 MP: 27/30
 15288 | Lair:1   | Entered Level 1 of the Lair of Beasts
 15607 | Lair:1   | Reached skill level 10 in Spellcasting
 16343 | Lair:2   | Received a gift from Sif Muna
 16344 | Lair:2   | Identified Plepa's Grimoire of Ice (Sif Muna gifted it to you on level 2 of the Lair of Beasts)
 16351 | Lair:2   | Learned a level 5 spell: Metabolic Englaciation
 16356 | Lair:2   | Learned a level 4 spell: Cause Fear
 16422 | Lair:2   | Reached skill level 16 in Stealth
 16543 | Lair:2   | Found a deep blue altar of Sif Muna.
 17815 | Lair:3   | Noticed a catoblepas
 17833 | Lair:3   | Killed a catoblepas
 17978 | Lair:3   | Reached skill level 1 in Necromancy
 18052 | Lair:4   | Got a transparent ring mail
 18391 | Lair:4   | Noticed an eight-headed hydra
 18398 | Lair:4   | Killed an eight-headed hydra
 18625 | Lair:4   | Identified the +1 ring mail "Netae" {rF- Str+5 SInv} (You found it on level 4 of the Lair of Beasts)
 18926 | Lair:4   | Reached skill level 17 in Stealth
 19646 | Lair:5   | You fall through a shaft for 2 floors!
 19646 | Lair:7   | Noticed Maud
 19653 | Lair:7   | Killed Maud
 19653 | Lair:7   | Reached XP level 13. HP: 39/85 MP: 28/32
 19772 | Lair:7   | Noticed a six-headed hydra
 19781 | Lair:7   | Killed a six-headed hydra
 20021 | Lair:7   | Slain by a blink frog

Action                   |  1- 3 |  4- 6 |  7- 9 | 10-12 | 13-15 || total
-------------------------+-------+-------+-------+-------+-------++-------
Melee: Dagger            |   158 |   192 |   164 |   584 |    16 ||  1114
       Flail             |       |     5 |     1 |       |       ||     6
 Cast: Corona            |    29 |    17 |     5 |       |       ||    51
       Ensorcelled Hiber |    16 |    37 |    68 |   160 |    12 ||   293
       Sure Blade        |     4 |    15 |    40 |    55 |       ||   114
       Tukima's Dance    |       |     4 |    14 |    10 |       ||    28
       Confuse           |       |       |    21 |    70 |     6 ||    97
       Enslavement       |       |       |       |    42 |     7 ||    49
       Condensation Shie |       |       |       |    18 |       ||    18
       Sublimation of Bl |       |       |       |    19 |       ||    19
       Metabolic Englaci |       |       |       |     1 |       ||     1
Invok: Channel Energy    |       |       |       |     1 |       ||     1
Evoke: Wand              |       |       |       |       |     1 ||     1
  Use: Potion            |       |    11 |     6 |    12 |     2 ||    31
       Scroll            |       |       |    12 |    18 |     3 ||    33
 Stab: Sleeping          |    14 |    28 |    69 |   189 |     8 ||   308
       Confused          |       |       |     7 |    39 |       ||    46
       Distracted        |       |       |       |     4 |     1 ||     5
  Eat: Corpse            |       |     9 |    25 |    42 |     2 ||    78
